[Event "Early-Titled-Tuesday-Blitz-May-28-2024"]
[Site "Chess.com"]
[Date "2024.05.28"]
[Round "5"]
[White "Preobrazhenska_D2011"]
[Black "JanMur7"]
[Result "1-0"]
[WhiteElo "2515"]
[BlackElo "2269"]
[TimeControl "180+1"]
[EndTime "8:57:24 PDT"]
[Termination "Preobrazhenska_D2011 won by checkmate"]

1. e4 g6 2. d4 Bg7 3. Nc3 c5 4. dxc5 Bxc3+ 5. bxc3 Nf6 6. Qd3 Qa5 7. Bd2 Qxc5 8. Nf3 Nc6 9. Be2 O-O 10. O-O d6 11.
Rab1 Ng4 12. Rb5 Nge5 13. Nxe5 Nxe5 14. Rxc5 Nxd3 15. Rxc8 Raxc8 16. cxd3 b5 17. d4 a6 18. Bd3 Rc7 19. f4 Rfc8 20. e5 d5 21. f5 e6 22. fxe6 fxe6 23. Rf6 Re8 24. g4 Rf7 25. g5 Rxf6 26. gxf6 Kf7 27. Kf2 Rh8 28. Bc2 h6 29.
Ke2 Rc8 30. Bd3 Rh8 31. Kd1 Rc8 32. Kc2 Rb8 33. Kb3 a5 34. a3 g5 35. Be3 Rb7 36. Be2 Kg6 37. Bd3+ Kf7 38. Bf2 Rb8 39. h4 Rb7 40. h5 Rb8 41. Bg6+ Kf8 42. Be1 Rb6 43. Kc2 Rb7 44. c4 bxc4 45. Bxa5 Rb3 46. Bb4+ Rxb4 47. axb4 g4 48. Kd2 g3 49. Ke2 c3 50. Kf3 g2 51.
Kxg2 c2 52. Bxc2 Ke8 53. b5 Kf7 54. b6 Ke8 55. b7 Kf7 56. Bg6+ Kf8 57. b8=Q# 1-0

[Event "Early-Titled-Tuesday-Blitz-May-28-2024"]
[Site "Chess.com"]
[Date "2024.05.28"]
[Round "5"]
[White "wonderfultime"]
[Black "Keithonsky"]
[Result "1-0"]
[WhiteElo "3012"]
[BlackElo "2635"]
[TimeControl "180+1"]
[EndTime "8:57:25 PDT"]
[Termination "wonderfultime won by resignation"]

1. d4 d5 2. Nf3 Nf6 3. Bf4 c5 4. c3 Nc6 5. e3 Qb6 6. Qc2 Bg4 7. dxc5 Qxc5 8. Nbd2 Rc8 9. Qb3 Na5 10. Bb5+ Bd7 11.
Bxd7+ Nxd7 12. Qa4 Nc6 13. O-O e6 14. e4 b5 15. Qd1 Nf6 16. exd5 Qxd5 17. Qe2 Bc5 18.
Rfd1 Qf5 19. Bg3 O-O 20. Nb3 Bb6 21. Nbd4 Nxd4 22. Nxd4 Bxd4 23. Rxd4 Rfd8 24. Be5 Rxd4 25. Bxd4 a6 26. h3 Qe4 27. Qxe4 Nxe4 28. a4 f6 29. axb5 axb5 30. Ra6 e5 31. Be3 Rb8 32. f3 Ng3 33.
Kf2 Nf5 34. Bc5 h5 35. g4 hxg4 36. hxg4 Nh6 37. Ke3 Nf7 38. b4 Kh7 39. Rc6 Kg6 40.
Rc7 Ng5 41. Rc6 Kf7 42. Ke2 Ne6 43. Be3 Ke7 44. Ra6 Rb7 45. Kd3 Rd7+ 46. Ke4 Rc7 47. Kf5 g6+ 48. Kxg6 Rxc3 49. Kf5 Ng7+ 50. Ke4 Rc4+ 51.
Kd5 Kf7 52. Bc5 Rc3 53. Ke4 Ne6 54. Kd5 Rd3+ 55. Kc6 Rxf3 56. Ra7+ Kg6 57. Kxb5 e4 58. Re7 Ng5 59. Kc6 Rc3 60. b5 f5 61.
b6 Kf6 62. b7 Rb3 63. gxf5 Nf7 64. Re8 Ne5+ 65. Rxe5 Kxe5 66. Bb6 Rxb6+ 67. Kxb6 Kxf5 68. b8=Q e3 69. Qg3 Ke4 70. Qe1 Kd3 71. Kc5 e2 72.
Kd5 1-0

[Event "Early-Titled-Tuesday-Blitz-May-28-2024"]
[Site "Chess.com"]
[Date "2024.05.28"]
[Round "5"]
[White "NovakRatko"]
[Black "kecalk"]
[Result "0-1"]
[WhiteElo "2378"]
[BlackElo "2551"]
[TimeControl "180+1"]
[EndTime "8:57:25 PDT"]
[Termination "kecalk won on time"]

1. d4 Nf6 2. c4 e6 3. Bg5 c5 4. d5 exd5 5. cxd5 d6 6. Nc3 h6 7. Bh4 g5 8. Bg3 Nh5 9. e4 Nxg3 10. hxg3 Bg7 11. f4 a6 12. a4 Qf6 13. Qd2 Qd4 14.
Bd3 c4 15. Be2 Qxd2+ 16. Kxd2 Nd7 17. Bxc4 Nc5 18. Nge2 Bg4 19. Rae1 Rc8 20. Bd3 Nxd3 21. Kxd3 f5 22. Nd4 fxe4+ 23. Nxe4 Kd7 24. fxg5 hxg5 25.
Rxh8 Rxh8 26. Nxg5 Rh5 27. Nge6 Be5 28. Kc4 Bxg3 29.
Rf1 Ke7 30. Rf8 b5+ 31. axb5 axb5+ 32. Kxb5 Rxd5+ 33. Kc4 Bxe6 34. Nxe6 Kxe6 35. Re8+ Kd7 36. Rg8 Rc5+ 37. Kd3 Be5 38. b4 Rc1 39. g4 Ke6 40. Ke4 Rc4+ 41. Kd3 Rxb4 42. Rg6+ Kd5 43. Rg8 Rb3+ 44.
Ke2 Ke4 45. Kf2 Rb2+ 46. Ke1 d5 47. Re8 Rg2 48. Rg8 d4 49. Kf1 Ra2 50. g5 d3 51.
Rd8 Ra1+ 52. Kf2 Bd4+ 53. Kg2 d2 54. Re8+ Kd3 0-1

[Event "Early-Titled-Tuesday-Blitz-May-28-2024"]
[Site "Chess.com"]
[Date "2024.05.28"]
[Round "5"]
[White "TomLiu777"]
[Black "JM05C"]
[Result "1-0"]
[WhiteElo "2382"]
[BlackElo "2534"]
[TimeControl "180+1"]
[EndTime "8:57:26 PDT"]
[Termination "TomLiu777 won by resignation"]

1. d4 e6 2. c4 d5 3. Nc3 Nf6 4. Bg5 c6 5. cxd5 exd5 6. e3 h6 7. Bh4 Be7 8. Bd3 O-O 9. Qc2 Re8 10. Nge2 Nbd7 11. O-O Nf8 12. f3 c5 13. Bb5 Bd7 14.
Bxd7 Qxd7 15. dxc5 Bxc5 16. Bxf6 Bxe3+ 17. Kh1 gxf6 18. Rad1 d4 19. Ne4 Kg7 20. N2g3 Re5 21. f4 Rd5 22. f5 Nh7 23. Nh5+ Kh8 24. Nhxf6 Nxf6 25. Nxf6 Qd6 26. Nxd5 Qxd5 27. Qe2 Rg8 28. Rf3 Qe5 29. Rh3 Kh7 30. Rf1 Rg5 31. f6 Rg6 32. Qd3 Qd5 33. Rhf3 Kg8 34. Re1 Qxa2 35. Qf5 Qxb2 36. Qc8+ Kh7 37.
Rg3 Rxg3 38. hxg3 Qf2 39. Rd1 Qxf6 40. Qc2+ Kg7 41. Qe4 Qg6 42. Qe5+ Kh7 43. Rf1 Bg5 44. Rf5 d3 45. Qd5 Kg7 46. Qe5+ Bf6 47. Qd5 d2 48.
Rf1 Bg5 49. Qe5+ Bf6 50. Qd5 Qh5+ 51. Qxh5 Bg5 52. Qd1 b5 53. Qa1+ f6 54. Qd1 Kg6 55. Qc2+ Kg7 56. Rd1 1-0

[Event "Early-Titled-Tuesday-Blitz-May-28-2024"]
[Site "Chess.com"]
[Date "2024.05.28"]
[Round "5"]
[White "vi_pranav"]
[Black "MatthewG-p4p"]
[Result "1-0"]
[WhiteElo "3051"]
[BlackElo "2890"]
[TimeControl "180+1"]
[EndTime "8:57:28 PDT"]
[Termination "vi_pranav won on time"]

1. e4 c5 2. Nf3 g6 3. d4 cxd4 4. Qxd4 Nf6 5. Bb5 Nc6 6. Bxc6 bxc6 7. Nc3 Bb7 8. O-O Bg7 9. e5 Nd5 10. Nxd5 cxd5 11. Qh4 h6 12. c3 d6 13. Re1 dxe5 14.
Nxe5 e6 15. Qa4+ Kf8 16. Qb4+ Qe7 17. Nd7+ Ke8 18. Qxb7 Rd8 19. Nc5 Qxc5 20. Be3 Qe7 21. Qa6 Kf8 22. a4 Rd7 23. Qc8+ Rd8 24. Qc6 Kg8 25.
a5 Kh7 26. a6 Rc8 27. Qa4 Rb8 28. Re2 Rhc8 29. h3 Rc4 30. Qa5 Qd7 31. Qa2 Rc6 32. Ree1 Bf8 33. Red1 Bc5 34. Bf4 Bd6 35. Be3 Bc5 36. Bd4 Bxd4 37. Rxd4 Rbb6 38. Qa3 Qc8 39. Ra4 Qc7 40. Rh4 Qd6 41. Qxd6 Rxd6 42. Rha4 Rxb2 43.
c4 dxc4 44. Rxc4 Rbb6 45. Rc7 Rxa6 46. Rxf7+ Kg8 47. Rxa7 Rxa7 48. Rxa7 e5 49. Re7 Rd1+ 50. Kh2 Rd5 51. Kg3 Kf8 52. Rh7 h5 53. f3 Kg8 54.
Ra7 Rc5 55. Kh4 Kf8 56. Kg5 e4+ 57. Kf6 exf3 58. Ra8+ 1-0

[Event "Early-Titled-Tuesday-Blitz-May-28-2024"]
[Site "Chess.com"]
[Date "2024.05.28"]
[Round "5"]
[White "Kumi29"]
[Black "ilqar_74"]
[Result "0-1"]
[WhiteElo "2570"]
[BlackElo "2778"]
[TimeControl "180+1"]
[EndTime "8:57:28 PDT"]
[Termination "ilqar_74 won by checkmate"]

1. d4 Nf6 2. Bg5 Ne4 3. h4 c5 4. d5 Nxg5 5. hxg5 Qb6 6. Nd2 d6 7. g6 fxg6 8. e3 Nd7 9. Nc4 Qc7 10. a4 Nf6 11. Nf3 Bf5 12. Bd3 Qd7 13. Nce5 Qc7 14. Bb5+ Nd7 15. Nxd7 Bxd7 16. Ng5 Bxb5 17. axb5 Qd7 18.
Ne6 b6 19. c4 g5 20. Qf3 Qb7 21. Ra6 g6 22. Qg4 h6 23. Nxg5 Qd7 24. Ne6 Kf7 25.
e4 Bg7 26. Ra3 Bf6 27. Rf3 a6 28. Qf4 axb5 29. Rxh6 bxc4 30. Rfh3 Rxh6 31. Rxh6 Rg8 32. Qg4 Qa4 33. Rh7+ Ke8 34. g3 Qb4+ 35. Kf1 Qxb2 36. Kg2 c3 37. Nf4 Kd8 38. Qe6 Re8 39. Nxg6 c2 40.
e5 c1=Q 41. exf6 Qxf6 42. Qxf6 exf6 43. Nf4 Qc4 44. Ne6+ Rxe6 45. dxe6 Qxe6 46. g4 Qd5+ 47. Kg3 b5 48. f3 Qd4 49. Kh4 b4 50. Rh5 b3 51. Rf5 b2 52. Kh5 b1=Q 53. Kg6 Qxf5+ 54. gxf5 c4 55. f4 c3 56. Kf7 c2 57.
Ke6 c1=Q 58. Kf7 Qcc4+ 59. Kg6 Qg8+ 60. Kh5 d5 61. Kh6 Qxf4+ 62. Kh5 Qfg5# 0-1

[Event "Early-Titled-Tuesday-Blitz-May-28-2024"]
[Site "Chess.com"]
[Date "2024.05.28"]
[Round "5"]
[White "Louis-Paulsen-Fan"]
[Black "Bilan_Danila"]
[Result "0-1"]
[WhiteElo "2305"]
[BlackElo "2546"]
[TimeControl "180+1"]
[EndTime "8:57:28 PDT"]
[Termination "Bilan_Danila won by resignation"]

1. d4 d5 2. Nf3 Nf6 3. c4 c6 4. Nc3 e6 5. Bg5 Nbd7 6. e3 Qa5 7. cxd5 exd5 8. Bd3 Ne4 9. Qc2 Ndf6 10. Bh4 Bb4 11.
O-O Nxc3 12. bxc3 Bxc3 13. Rac1 Bb4 14. Bxf6 gxf6 15. Bf5 Be6 16. Nh4 Bd6 17. Rfe1 O-O-O 18. e4 dxe4 19. Bxe6+ fxe6 20. Qxe4 Rhe8 21. g3 f5 22. Qc2 Rd7 23. Nxf5 Rf8 24. Nxd6+ Rxd6 25. Qxh7 Qxa2 26. Rc2 Qa5 27. Rce2 Qf5 28. Qe7 Rxd4 29. h4 Rd7 30. Qxe6 a5 31. Qxf5 Rxf5 32. Kg2 a4 33. g4 Rf4 34.
Kg3 Rdd4 35. f3 Rf7 36. h5 b5 37. Re7 Rxe7 38. Rxe7 a3 39. h6 a2 40. Ra7 Ra4 41. Rf7 a1=Q 42. h7 Qg1+ 43. Kh4 Qh2+ 44. Kg5 Qe5+ 45. Kg6 Qe6+ 46. Kg7 Qe5+ 47. Kg8 Qe8+ 48. Rf8 Qxf8+ 49. Kxf8 Rf4+ 50. Kg7 Rxf3 51. h8=Q+ Kb7 52. Qh5 Rd3 53. Qf7+ Kb6 54. Qf5 Rd5 55. Qe6 b4 56. Kg6 Kc5 57. g5 Rd6 58. Kg7 Rxe6 59. g6 Rxg6+ 60.
Kf7 b3 61. Kxg6 b2 62. Kf5 b1=Q+ 63. Ke5 Qd1 0-1

[Event "Early-Titled-Tuesday-Blitz-May-28-2024"]
[Site "Chess.com"]
[Date "2024.05.28"]
[Round "5"]
[White "David_Arutinian"]
[Black "AljoschaFeuerstack"]
[Result "0-1"]
[WhiteElo "2831"]
[BlackElo "2659"]
[TimeControl "180+1"]
[EndTime "8:57:30 PDT"]
[Termination "AljoschaFeuerstack won by checkmate"]

1. Nf3 d5 2. e3 Nf6 3. c4 c6 4. Nc3 g6 5. d4 Bg7 6. Be2 O-O 7. O-O a6 8. b3 b5 9. Bb2 Bg4 10. h3 Bxf3 11. Bxf3 e6 12. Qc2 Nbd7 13. Rfd1 bxc4 14. bxc4 Nb6 15. Be2 Nxc4 16. Bxc4 dxc4 17. Na4 Rb8 18. Qxc4 Qa5 19. Bc3 Qb5 20. Nb2 Ne4 21. Qxb5 axb5 22. Rdc1 c5 23. Nd1 Nxc3 24. Nxc3 cxd4 25. exd4 Bxd4 26.
Rab1 b4 27. Ne2 Bf6 28. Rb3 Kg7 29. g3 Rfd8 30. Rc2 Be7 31. Nf4 Rd1+ 32. Kg2 Ra8 33. Nd3 Ra3 34. Rxa3 bxa3 35. Ne5 Rd5 36. Nc4 Rd3 37. Ne5 Rd5 38. Nc4 Rb5 39. Kf3 f5 40. Ke2 e5 41. Rc3 Kf6 42. Nxa3 Rb2+ 43. Nc2 Rxa2 44. Rc6+ Kf7 45. h4 Ke8 46. Kf1 Kd7 47.
Rc4 Ke6 48. Ne3 Bd6 49. Rc6 Kd7 50. Rc3 Ra5 51. Rd3 Rc5 52. Kg2 Ke6 53. Rd2 Rc3 54. Ra2 Bc5 55. Nf1 e4 56. Nh2 Kd5 57. Nf1 Kc4 58. Ra4+ Kb3 59. Ra5 Rc2 60. Kh3 Bxf2 61. Rb5+ Kc4 62. Rb7 Bg1 63. g4 f4 64. g5 e3 65. Kg4 e2 66. Rc7+ Kd3 67. Rd7+ Bd4 68. Nh2 e1=Q 69. Nf3 Qg3# 0-1

[Event "Early-Titled-Tuesday-Blitz-May-28-2024"]
[Site "Chess.com"]
[Date "2024.05.28"]
[Round "5"]
[White "mangochessgo"]
[Black "Abund"]
[Result "1/2-1/2"]
[WhiteElo "2605"]
[BlackElo "2789"]
[TimeControl "180+1"]
[EndTime "8:57:30 PDT"]
[Termination "Game drawn - insufficient material"]

1. d4 d5 2. Nf3 Nf6 3. Bf4 e6 4. e3 Bd6 5. Nbd2 O-O 6. Bd3 c5 7. dxc5 Bxc5 8. O-O Nc6 9. c4 Bd6 10. Bg5 Be7 11. Rc1 h6 12. Bh4 dxc4 13. Nxc4 Nd5 14. Bxe7 Qxe7 15. Qe2 Bd7 16. Rfd1 Rfd8 17. Bb1 Nf6 18.
Nd6 Be8 19. Ne4 Rxd1+ 20. Rxd1 Rd8 21. h4 Nb4 22. Rxd8 Qxd8 23. Nxf6+ Qxf6 24. a3 Nd5 25. Qc2 Bc6 26. Nd4 g6 27. Nxc6 bxc6 28. g3 h5 29.
Kg2 c5 30. Ba2 Nb6 31. b4 cxb4 32. axb4 Qe5 33. Qd2 Kg7 34. Qd4 Qxd4 35. exd4 Kf6 36.
Kf3 Ke7 37. Ke4 Kd6 38. Bb3 Nd7 39. Ba4 Nf6+ 40. Kd3 Nd5 41. b5 Kc7 42. b6+ axb6 43. Be8 Kd6 44. Bxf7 Ne7 45. Kc4 e5 46. dxe5+ Kxe5 47. f3 Nf5 48. Bxg6 Nxg3 49. Kb5 Kf4 50. Kxb6 Kxf3 51. Kc5 Kg4 52. Kd4 Ne2+ 53. Ke3 Nf4 54. Bxh5+ Nxh5 55. Kf2 Kxh4 1/2-1/2

[Event "Early-Titled-Tuesday-Blitz-May-28-2024"]
[Site "Chess.com"]
[Date "2024.05.28"]
[Round "5"]
[White "dmosesov"]
[Black "Iball95"]
[Result "1-0"]
[WhiteElo "2660"]
[BlackElo "2835"]
[TimeControl "180+1"]
[EndTime "8:57:32 PDT"]
[Termination "dmosesov won by checkmate"]

1. Nf3 d5 2. c4 e6 3. g3 Nf6 4. Bg2 c5 5. O-O Nc6 6. b3 Be7 7. e3 O-O 8. Bb2 b6 9. Nc3 Bb7 10. cxd5 Nxd5 11. Nxd5 exd5 12. d4 Rc8 13. dxc5 bxc5 14.
Qd2 Qd7 15. Rfd1 Rfd8 16. Rac1 Bf8 17. h4 h6 18. Ne1 d4 19. Nd3 dxe3 20. Qxe3 Nd4 21.
Ne5 Qe7 22. Re1 Bxg2 23. Kxg2 Qb7+ 24. Qe4 Qa6 25. Bxd4 cxd4 26. Rxc8 Qxc8 27. Rd1 Qe6 28. Qf4 Bd6 29. Rxd4 f6 30. Rxd6 Qxd6 31. Qc4+ Qd5+ 32. Qxd5+ Rxd5 33. Nc6 Rd7 34. b4 Kf7 35. Kf3 Ke6 36.
Ke4 f5+ 37. Ke3 Kd5 38. Nd4 g6 39. h5 Re7+ 40. Kd3 Rd7 41. Ke3 Kc4 42. Nc6 Rc7 43. Ne5+ Kxb4 44. hxg6 a5 45. Nf7 Rc8 46. Nxh6 Rc7 47.
Nxf5 a4 48. g7 Rc8 49. Ne7 Re8 50. g8=Q Rxg8 51. Nxg8 Ka3 52. Ne7 Kxa2 53. Nc6 Kb2 54. Kd2 a3 55. Nb4 a2 56. Nc2 Kb3 57. g4 Kc4 58. f4 Kd5 59. g5 Ke4 60. g6 a1=Q 61.
Nxa1 Kf5 62. g7 Ke4 63. g8=Q Kf5 64. Qf7+ Ke4 65. f5 Kf3 66. f6 Ke4 67. Qe6+ Kd4 68. f7 Kc5 69. f8=Q+ Kd4 70. Qfd6# 1-0

[Event "Early-Titled-Tuesday-Blitz-May-28-2024"]
[Site "Chess.com"]
[Date "2024.05.28"]
[Round "5"]
[White "Cayse"]
[Black "YouJustFoundYourGodfather"]
[Result "1-0"]
[WhiteElo "2800"]
[BlackElo "2607"]
[TimeControl "180+1"]
[EndTime "8:57:32 PDT"]
[Termination "Cayse won by resignation"]

1. e4 e6 2. d4 d5 3. exd5 exd5 4. Nf3 Bd6 5. c4 Nf6 6. Nc3 dxc4 7. Bxc4 O-O 8. O-O h6 9. h3 Nc6 10. a3 Bf5 11. b4 a6 12. Qb3 Qd7 13. Ne2 Rae8 14.
Ng3 Bxh3 15. gxh3 Qxh3 16. Nh2 b5 17. Bd3 Nxd4 18. Qd1 Re5 19. Bf4 Rd5 20. Bxd6 cxd6 21. Re1 Ne6 22. Bf1 Qh4 23. Qb3 Nd4 24. Qd3 Ne6 25.
Qc3 Nd4 26. Bg2 Rg5 27. Nf3 Nxf3+ 28. Qxf3 Ng4 29. Re4 Qh2+ 30. Kf1 f5 31. Rf4 Ne5 32.
Qd5+ Kh8 33. Rc1 Ng6 34. Qxd6 Rf6 35. Qd8+ Rf8 36. Qd6 Rf6 37. Rc8+ Kh7 38. Qb8 Nxf4 39. Rh8+ Kg6 40. Qxf4 Rg4 41. Qb8 f4 42. Qe8+ Kg5 43. Ne4+ Kh4 44. Bf3 Qh3+ 45. Ke2 Rg1 46. Qe7 Qf1+ 47.
Kd2 Qc1+ 48. Kd3 Rd1+ 49. Bxd1 Qxd1+ 50. Nd2 Kg5 51. Qe5+ Rf5 52. Qxg7+ Kh4 53. Qe7+ Kh5 54. Qe8+ Kh4 55. Rxh6+ Kg4 56. Qg6+ Rg5 57. Qe6+ Rf5 58.
Rg6+ Kh4 59. Qxf5 Qxd2+ 60. Kxd2 1-0

[Event "Early-Titled-Tuesday-Blitz-May-28-2024"]
[Site "Chess.com"]
[Date "2024.05.28"]
[Round "5"]
[White "djokovic74"]
[Black "Muracle"]
[Result "0-1"]
[WhiteElo "2752"]
[BlackElo "2588"]
[TimeControl "180+1"]
[EndTime "8:57:32 PDT"]
[Termination "Muracle won by resignation"]

1. e4 c6 2. Nf3 d5 3. Nc3 dxe4 4. Nxe4 Nf6 5. Qe2 Na6 6. a3 Bf5 7. Nxf6+ gxf6 8. d3 Nc7 9. g3 Qd7 10. Bg2 Bh3 11.
O-O Bxg2 12. Kxg2 O-O-O 13. Be3 Kb8 14. c4 e5 15. d4 e4 16. Nh4 Bd6 17. Qh5 Rdg8 18.
b4 Ne6 19. Qf5 Bc7 20. Rad1 h5 21. Qxe4 Rg4 22. Qf3 Rhg8 23. Nf5 Nf4+ 24. Bxf4 Rxf4 25. Qxh5 Rxf5 26. Qe2 Rh8 27. Rfe1 Rfh5 28. h4 Rxh4 29. Qe7 Rh2+ 30. Kf3 Qf5+ 31. Ke3 Qxf2+ 32. Kd3 Qc2+ 33. Ke3 Qf2+ 34. Kd3 Qf5+ 35. Re4 Rd8 36. Re1 Qf3+ 37. R4e3 Qf5+ 38. Re4 Rg2 39. Qxf7 Rxg3+ 40. Kc2 Rg4 41. Qe7 Rxe4 42. Rxe4 Qf2+ 43. Kb3 f5 44. Re6 Qxd4 45. Qf7 Qd3+ 46. Ka4 Qxc4 47. Qxf5 Qa6+ 48. Kb3 Qd3+ 49. Qxd3 Rxd3+ 50. Kc4 Rd8 51. a4 a6 52. b5 axb5+ 53. axb5 cxb5+ 54. Kxb5 Rd6 55. Rg6 Rxg6 0-1

[Event "Early-Titled-Tuesday-Blitz-May-28-2024"]
[Site "Chess.com"]
[Date "2024.05.28"]
[Round "5"]
[White "BardArtem"]
[Black "banane_verte"]
[Result "1-0"]
[WhiteElo "2800"]
[BlackElo "2503"]
[TimeControl "180+1"]
[EndTime "8:57:32 PDT"]
[Termination "BardArtem won by checkmate"]

1. Nf3 d5 2. b3 e6 3. Bb2 Nf6 4. e3 Be7 5. c4 O-O 6. Nc3 b6 7.
cxd5 Nxd5 8. Nxd5 Qxd5 9. Bc4 Qa5 10. O-O Bb7 11. d4 Nd7 12. a4 Rfd8 13. Qe2 c5 14.
dxc5 Nxc5 15. Rfd1 Ne4 16. Rxd8+ Rxd8 17. Rd1 Rxd1+ 18. Qxd1 Nd6 19. Ba3 Bxf3 20. gxf3 Qg5+ 21. Kf1 Qe5 22. f4 Qe4 23. Qd3 Qc6 24. Ke2 g6 25. Bb2 Nxc4 26. bxc4 Qxa4 27. h4 Qa2 28. Qd4 f6 29. Kf3 Kf7 30. h5 Qb1 31. Kg2 Qf5 32.
hxg6+ hxg6 33. Bc3 Qg4+ 34. Kf1 Qf5 35. Qd7 Qb1+ 36.
Kg2 Qc2 37. Qd4 Qf5 38. Kf1 a5 39. Qxb6 a4 40. Qa6 Qc2 41. Bd4 Qb3 42. c5 a3 43. c6 a2 44. c7 Qb1+ 45. Kg2 Qe4+ 46. Kh2 Qc2 47. Kg2 a1=Q 48. Qxa1 Qxc7 49. Qh1 Qc6+ 50. f3 Qc2+ 51. Kg3 Bf8 52. Qa1 Bg7 53. Qa7+ Kg8 54. Qe7 Qf5 55. e4 Qg5+ 56. fxg5 e5 57.
Qe8+ Bf8 58. Bc5 Kh7 59. Qxf8 fxg5 60. Qe7+ Kh6 61. Qxe5 g4 62. Bf8+ Kh7 63. Qg7# 1-0

[Event "Early-Titled-Tuesday-Blitz-May-28-2024"]
[Site "Chess.com"]
[Date "2024.05.28"]
[Round "5"]
[White "RobertoJBM"]
[Black "MKlose11"]
[Result "0-1"]
[WhiteElo "2786"]
[BlackElo "2619"]
[TimeControl "180+1"]
[EndTime "8:57:34 PDT"]
[Termination "MKlose11 won by resignation"]

1. d4 Nf6 2. Nf3 c5 3. e3 Nc6 4.
d5 Nb8 5. c4 d6 6. Nc3 g6 7. Bd3 Bg7 8. h3 O-O 9. O-O Na6 10. e4 Nc7 11. Re1 Nd7 12. Bg5 Rb8 13. Qd2 a6 14. a4 b6 15. Rad1 f6 16. Be3 Ne5 17. Be2 Nxf3+ 18. Bxf3 b5 19. b3 bxc4 20. bxc4 Rb4 21. Be2 Bd7 22. a5 Qb8 23. f4 Qb7 24. Bd3 Rb2 25. Qc1 Rb8 26. Rd2 Qb4 27. Ree2 Rxd2 28. Bxd2 Qxa5 29. Be1 Qb6 30. Ra2 a5 31. Qa3 f5 32. exf5 gxf5 33. Nd1 a4 34. Kh2 Qb3 35.
Ne3 Qxa3 36. Rxa3 Rb3 37. Rxb3 axb3 38. Nxf5 Bf6 39. g4 Kf8 40. g5 Bh8 41. Kg3 Na6 42. Ne3 Kg8 43. h4 Nb4 44. Bxb4 cxb4 45. Kf3 b2 46. Bb1 Ba4 47. Ke4 Bc3 48. Nf5 Kf7 49. Nd4 Bd1 50. f5 Bg4 51. Nf3 Bh3 52. Kf4 Bf1 53.
h5 Bxc4 54. Ke4 Bf1 55. g6+ hxg6 56. hxg6+ Kg7 57. Ng5 Bg2+ 58. Kd3 Bxd5 59. Ne6+ Bxe6 60. fxe6 Kxg6 61. Ba2 Kf6 62. Kc2 Be5 63. Kd3 Kf5 64. Bb1 Kxe6 65. Kc4 Bc3 66. Be4 Ke5 0-1

[Event "Early-Titled-Tuesday-Blitz-May-28-2024"]
[Site "Chess.com"]
[Date "2024.05.28"]
[Round "5"]
[White "karinachess1"]
[Black "Milop27"]
[Result "1/2-1/2"]
[WhiteElo "2604"]
[BlackElo "2474"]
[TimeControl "180+1"]
[EndTime "8:57:34 PDT"]
[Termination "Game drawn - insufficient material"]

1. d4 Nf6 2. c4 e6 3. Nc3 Bb4 4. a3 Bxc3+ 5. bxc3 b6 6. f3 c5 7. e4 Nc6 8. Bg5 h6 9. Bh4 Na5 10. e5 g5 11. Bf2 Nh5 12. h4 gxh4 13. Rxh4 Ng7 14.
Bd3 Qc7 15. Qe2 cxd4 16. cxd4 Ba6 17. Rc1 Nf5 18. Rh5 Nb3 19. Rd1 Nbxd4 20. Bxd4 Nxd4 21. Qe4 Nc6 22. Ne2 O-O-O 23. c5 b5 24. Nc3 Qa5 25. Rc1 Qxa3 26. Kd2 Rhg8 27. g4 b4 28. Bxa6+ Qxa6 29. Ne2 Kc7 30. Rhh1 Rb8 31. Rb1 Qb7 32. Rb3 Rg5 33.
f4 Rxg4 34. Rxh6 a5 35. Rd3 b3 36. Nc3 Qb4 37. Rh1 Qxe4 38. Nxe4 Rg2+ 39. Kc1 Nb4 40. Rd2 Rxd2 41. Kxd2 a4 42. Kc3 Nd5+ 43. Kb2 Nxf4 44. Nd6 Nd3+ 45. Ka3 Nxe5 46. Kxa4 b2 47. Rb1 Ra8+ 48.
Kb3 Rb8+ 49. Kc2 f5 50. Rxb2 Rxb2+ 51. Kxb2 Nd3+ 52. Kc3 Nxc5 53. Nc4 Kc6 54. Ne3 Kd6 55.
Kd4 f4 56. Nc4+ Kc6 57. Ne5+ Kd6 58. Nc4+ Ke7 59. Kxc5 d6+ 60. Nxd6 f3 61. Ne4 Kf7 62. Kd4 f2 63. Nxf2 e5+ 64. Kxe5 1/2-1/2

[Event "Early-Titled-Tuesday-Blitz-May-28-2024"]
[Site "Chess.com"]
[Date "2024.05.28"]
[Round "5"]
[White "GrotBchess"]
[Black "ural58"]
[Result "1-0"]
[WhiteElo "2597"]
[BlackElo "2439"]
[TimeControl "180+1"]
[EndTime "8:57:34 PDT"]
[Termination "GrotBchess won by resignation"]

1. e4 d5 2. exd5 Qxd5 3. Nf3 Bg4 4. Be2 Nc6 5. h3 Bxf3 6. Bxf3 Qe6+ 7. Qe2 Nd4 8. Qxe6 Nxf3+ 9. gxf3 fxe6 10. d3 g6 11. Bd2 Nh6 12. Bc3 Rg8 13. Nd2 Nf5 14. Ne4 Bh6 15. Nc5 O-O-O 16. Nxe6 Rd6 17. Nc5 Nh4 18. Ke2 Rf8 19. Ne4 Re6 20. Rag1 Nxf3 21. Rg3 Ng5 22. Re3 Nf7 23. Rf3 Nd6 24. Rxf8+ Bxf8 25. f3 Nf5 26. Kf2 Bh6 27. h4 Be3+ 28. Kg2 Bd4 29.
Bxd4 Nxd4 30. c3 Ne2 31. Kf2 Nf4 32. Ke3 Nd5+ 33. Kd2 h5 34. Rg1 b6 35. Rg5 c6 36. c4 Nc7 37. f4 Ne8 38. f5 gxf5 39.
Rxf5 Rh6 40. Ng5 Nf6 41. Nf7 Rh7 42. Ne5 c5 43. Nc6 Kd7 44. Nxa7 Rg7 45. Rg5 Rxg5 46.
hxg5 Ng4 47. Ke2 h4 48. Nb5 h3 49. Kf3 Ne5+ 50. Kg3 Nxd3 51. b3 Nf4 52. Nc3 Ke6 53. Na4 Kf5 54. Nxb6 e5 55. Nd5 Ne6 56. Kxh3 Nxg5+ 57. Kg3 e4 58. a4 Nf3 59. a5 Nd4 60. a6 Nc6 61. Kf2 Ke5 62. Ke3 Na7 63. Nc7 Nc8 64. Nb5 Nb6 65. a7 Kf5 66. Nc7 1-0

[Event "Early-Titled-Tuesday-Blitz-May-28-2024"]
[Site "Chess.com"]
[Date "2024.05.28"]
[Round "5"]
[White "verrbaa"]
[Black "LeoLV10"]
[Result "0-1"]
[WhiteElo "2428"]
[BlackElo "2576"]
[TimeControl "180+1"]
[EndTime "8:57:35 PDT"]
[Termination "LeoLV10 won on time"]

1. e4 c6 2. d4 d5 3. e5 Bf5 4. h4 h5 5. Bd3 Bxd3 6. Qxd3 e6 7. Bg5 Qa5+ 8. Nd2 Qa6 9. c4 Nd7 10. Ngf3 Ne7 11. O-O Nf5 12. b3 Be7 13. Bxe7 Kxe7 14. a4 Rhd8 15. Qc2 Qb6 16. c5 Qc7 17. Rfe1 Kf8 18.
Nf1 g6 19. Ng3 Kg7 20. Nxf5+ exf5 21. Ng5 Nf8 22. e6 fxe6 23. Rxe6 Re8 24. Rae1 Qd7 25.
R6e5 Rxe5 26. Rxe5 Re8 27. Qe2 Rxe5 28. Qxe5+ Kg8 29.
f4 a6 30. Kf2 Qg7 31. Ke3 Qd7 32. Kd3 Qd8 33. g3 Qd7 34. b4 Qd8 35. Ne6 Nxe6 36.
Qxe6+ Kg7 37. Kc3 Kh6 38. Qf7 Qc8 39. b5 axb5 40. axb5 Qa8 41. Kb4 Qb8 42. Ka5 Qd8+ 43. Kb4 Qa8 44. Qd7 Qb8 45. Ka5 Qa7+ 46. Kb4 Qb8 47. Kb3 Qa8 48. bxc6 bxc6 49. Kb4 Qb8+ 50.
Kc3 Qb5 51. Qd8 Qc4+ 52. Kb2 Qxd4+ 53. Ka2 Qa4+ 54. Kb2 Qb5+ 55. Ka2 Qc4+ 56. Kb2 Qd4+ 57. Ka2 Kh7 58. Qe7+ Kg8 59. Qe8+ Kg7 60. Qe7+ Kh6 61. Qe8 Qg7 62. Qxc6 d4 63. Qd6 Qa7+ 64. Kb2 Qa5 65. Kc2 Qc3+ 66. Kd1 d3 0-1

[Event "Early-Titled-Tuesday-Blitz-May-28-2024"]
[Site "Chess.com"]
[Date "2024.05.28"]
[Round "5"]
[White "Polish_fighter3000"]
[Black "mbojan"]
[Result "1/2-1/2"]
[WhiteElo "3104"]
[BlackElo "2908"]
[TimeControl "180+1"]
[EndTime "8:57:36 PDT"]
[Termination "Game drawn - insufficient material"]

1. d4 a6 2. a4 e6 3. e4 d5 4. exd5 exd5 5. Nf3 Bd6 6. Bd3 Ne7 7. O-O O-O 8. Re1 Nbc6 9. c3 Bf5 10. Bf1 Qd7 11.
Na3 Rae8 12. Nc2 f6 13. Ne3 Be6 14. g3 Nd8 15. Bd3 c6 16. Qc2 g6 17. h4 Nf7 18.
Bd2 Kg7 19. a5 h5 20. b3 Nf5 21. Nxf5+ Bxf5 22. Bxf5 Qxf5 23. Qxf5 gxf5 24. Kg2 Re4 25. Ng1 Rfe8 26. Nh3 Rxe1 27. Bxe1 f4 28. Kf3 fxg3 29. fxg3 Nh6 30. Bd2 Nf5 31. Nf4 Bxf4 32. Bxf4 Re4 33. Rh1 Nh6 34. Bxh6+ Kxh6 35. Ra1 Kg6 36. Ra4 Kf5 37.
Rb4 Re7 38. c4 Rd7 39. cxd5 Rxd5 40. Rxb7 Rxa5 41. Rh7 Kg6 42. Rc7 Rb5 43. Rxc6 Rxb3+ 44. Kf4 Rd3 45. Rc4 a5 46. Ra4 Kf7 47. g4 hxg4 48. Kxg4 Kg6 49. Kf4 Rh3 50. Kg4 Rd3 51. h5+ Kh6 52. Kf4 Kxh5 53. Kf5 Rf3+ 54. Ke6 Kg5 55. d5 f5 56. d6 Re3+ 57. Kd5 Re8 58. Rxa5 f4 59. d7 Rd8 60. Ke6+ Kg4 61. Ke7 Rxd7+ 62. Kxd7 f3 63. Ke6 f2 64. Ra1 Kf3 65. Kf5 Kg2 66. Kg4 f1=Q 67. Rxf1 Kxf1 1/2-1/2

[Event "Early-Titled-Tuesday-Blitz-May-28-2024"]
[Site "Chess.com"]
[Date "2024.05.28"]
[Round "5"]
[White "Durarbayli"]
[Black "McCarthyStone"]
[Result "1-0"]
[WhiteElo "2905"]
[BlackElo "2461"]
[TimeControl "180+1"]
[EndTime "8:57:36 PDT"]
[Termination "Durarbayli won by resignation"]

1. e4 e5 2. Nf3 d6 3. Bc4 Nf6 4. d3 Be7 5. O-O O-O 6. Re1 c6 7. h3 Nbd7 8. a4 Qc7 9. Nbd2 d5 10.
Bb3 Nc5 11. exd5 Nxb3 12. Nxb3 Nxd5 13. Nxe5 Bd6 14. Nf3 h6 15. Nbd2 Nf6 16. Nc4 Be7 17. Bf4 Qd8 18. a5 Bf5 19. Nfe5 Nd5 20. Bd2 Rc8 21.
Qf3 Bh7 22. Ne3 Nxe3 23. Bxe3 Bb4 24. a6 bxa6 25. Nxc6 Qd6 26. Nxb4 Qxb4 27. c3 Qxb2 28. Bd4 Rce8 29. Reb1 Qc2 30. Qg3 Bg6 31. Rd1 Re6 32. Rac1 Qe2 33. c4 Rd8 34. Bxa7 Rxd3 35. Rxd3 Bxd3 36.
Bd4 Rg6 37. Qb8+ Kh7 38. Be3 Be4 39. g4 Qf3 40. Qh2 h5 41. c5 Bc6 42. g5 h4 43.
Kf1 Bb5+ 44. Kg1 Bc6 45. Kf1 a5 46. Kg1 a4 47. Kf1 a3 48. Ra1 Bb5+ 49. Kg1 Bc6 50.
Kf1 a2 51. Kg1 Bd5 52. Kf1 Qe4 53. Qf4 Qb1+ 54. Ke2 Qb2+ 55. Bd2 Re6+ 56. Kd3 Qb3+ 57. Bc3 Bc4+ 58. Kd4 Be2 59. Qf5+ g6 60. Qd5 Qxd5+ 61. Kxd5 Re4 62. Kxe4 Bh5 63. Kf4 f5 64. Bf6 Kg8 65.
Rxa2 Kf7 66. Ra7+ Ke6 67. Re7+ Kd5 68. Re5+ 1-0